 Dungeon Sprint DCSS version 0.26-a0-712-ga5a9c9c9d0 (webtiles) character file.

Game seed: 2807076339833965323

1953 rocky1 the Carver (level 9, -4/77 (78) HPs)
             Began as a Formicid Fighter on Nov 2, 2020.
             Was a Believer of Qazlal.
             Slain by an earth elemental (28 damage)
             ... in the Dungeon (Sprint III: "The Ten Rune Challenge").
             The game lasted 00:05:58 (1798 turns).

rocky1 the Carver (Formicid Fighter)                Turns: 1798, Time: 00:05:58

HP:   -4/77 (78)    AC:  8    Str: 24    XL:     9   Next: 42%
MP:   15/15         EV: 13    Int:  8    God:    Qazlal [**....]
Gold: 50            SH: 14    Dex: 10    Spells: 8/8 levels left

rFire    . . .     SeeInvis +   s - +0 scimitar (flame)
rCold    . . .     Faith    .   c - +0 kite shield
rNeg     . . .     Spirit   .   b - +0 scale mail
rPois    .         Reflect  .   (helmet unavailable)
rElec    .         Harm     .   (no cloak)
rCorr    .         Rampage  .   (no gloves)
MR       .....                  (no boots)
Stlth    ..........             (no amulet)
HPRegen  0.22/turn              (no ring)
MPRegen  0.14/turn              (no ring)

@: no status effects
A: permanent stasis, dig shafts and tunnels, four strong arms, antennae 3
a: Dig, Upheaval, Renounce Religion


You were in the Dungeon.
You worshipped Qazlal.
Qazlal was pleased with you.
You visited 1 branch You collected 50 gold pieces.

Inventory:

Hand Weapons
 a - a +0 long sword
 r - a +0 long sword of holy wrath
 s - a +0 scimitar of flaming (weapon)
Armour
 b - a +0 scale mail (worn)
 c - a +0 kite shield (worn)
Wands
 h - a wand of polymorph (10)
Scrolls
 i - 2 scrolls of torment {unknown}
 j - a scroll of blinking {unknown}
 k - a scroll of enchant weapon {unknown}
 m - a scroll of immolation {unknown}
 n - a scroll of identify {unknown}
Potions
 e - a potion of curing
 f - 2 potions of heal wounds
 g - 2 potions of magic
 l - 2 potions of cancellation {unknown}
 o - 2 potions of degeneration {unknown}
 p - 5 potions of mutation
 q - a potion of might
Miscellaneous
 d - a condenser vane (2/2)


   Skills:
 + Level 9.7 Fighting
 + Level 10.7 Long Blades
 + Level 9.7 Armour
 + Level 7.6 Dodging
 - Level 9.0 Shields
 + Level 8.1 Invocations


You had 8 spell levels left.
You didn't know any spells.
Your spell library contained the following spells:

 Spells                   Type           Power        Failure   Level
 Magic Dart               Conj           #...         67%         1
 Call Imp                 Summ           #.......     80%         2
 Slow                     Hex            #.......     80%         2
 Conjure Flame            Conj/Fire      #.......     95%         3
 Mephitic Cloud           Conj/Pois/Air  #.......     95%         3
 Blink                    Tloc           Unusable     N/A         2

Dungeon Overview and Level Annotations

Branches:
Dungeon (1/1)

Altars:
Cheibriados
Dithmenos
Elyvilon
Fedhas
Gozag
Hepliaklqana
Kikubaaqudgha
Makhleb
Nemelex Xobeh
Okawaru
Qazlal
Ru
Sif Muna
Trog
Uskayaw
Vehumet
Wu Jian
Xom
Yredelemnul
Zin
The Shining One
Beogh
Jiyva
Lugonu


Innate Abilities, Weirdness & Mutations

You cannot be hasted, slowed, berserked, paralysed or teleported.
You can dig through walls and to a lower floor.
Your four strong arms can wield two-handed weapons with a shield.
You have a pair of large antennae on your head. (SInv)


Message History

You barely miss the earth elemental.
The earth elemental is moderately damaged.
The earth elemental closely misses you.
You hit the earth elemental.
The earth elemental is moderately damaged.
You slash the earth elemental!
The earth elemental is heavily damaged.
The earth elemental barely misses you.
You riposte.
You slash the earth elemental!
The earth elemental is severely damaged.
You hit the earth elemental.
The earth elemental is severely damaged.
The earth elemental hits you!!
* * * LOW HITPOINT WARNING * * *
You slash the earth elemental!
The earth elemental is almost destroyed.
You hit the earth elemental but do no damage.
The earth elemental is almost destroyed.
The earth elemental hits you!!
You die... __#___#__# ..#__.#._# {{{{{{ #÷#'###)## {{{{{{ .........# {{{{{{

⌠........#
..######'#
⌠.#__#...#+#######
..#__#...#..§≈§§§#
###__#...#.#§§§#@#
†.#__#...'.#§§.#E#
{
__#__'...#.#§..#..
{{
▓▓▓▓▓▓▓▓▓▓▓▓▓▓▓▓▓▓▓
{ { { {{ { {{


You could see an earth elemental.

Vanquished Creatures
  Erica (D)
  A deep elf mage (D)
  A shadow (D)
  A spatial vortex (D)
  A necrophage (D)
  A water elemental (D)
  A scorpion (D)
  A jelly (D)
  A wizard (D)
  Jessica (D)
  A necromancer (D)
  A kobold demonologist (D)
  3 humans (D)
  An ooze (D)
  2 rats (D)
18 creatures vanquished.

Notes
Turn   | Place    | Note
-------+----------+-------------------------------------------
     0 | D        | rocky1 the Formicid Fighter began the quest for the Orb.
     0 | D        | Reached XP level 1. HP: 18/18 MP: 1/1
     9 | D        | Reached skill level 3 in Long Blades
    54 | D        | Noticed Jessica
    55 | D        | Killed Jessica
    55 | D        | Reached skill level 4 in Long Blades
    55 | D        | Reached XP level 2. HP: 24/24 MP: 2/2
    55 | D        | Reached XP level 3. HP: 29/29 MP: 3/3
   200 | D        | Reached skill level 5 in Long Blades
   200 | D        | Reached XP level 4. HP: 25/35 MP: 4/4
   300 | D        | Reached skill level 6 in Long Blades
   300 | D        | Reached XP level 5. HP: 25/41 MP: 5/5
   472 | D        | Noticed a water elemental
   478 | D        | Killed a water elemental
   478 | D        | Reached skill level 7 in Long Blades
   478 | D        | Reached skill level 1 in Dodging
   490 | D        | Noticed a shadow
   496 | D        | Killed a shadow
   496 | D        | Reached skill level 5 in Fighting
   496 | D        | Reached skill level 8 in Long Blades
   496 | D        | Reached skill level 5 in Armour
   496 | D        | Reached XP level 6. HP: 34/52 MP: 6/6
   684 | D        | Found a blossoming altar of Fedhas.
   684 | D        | Found a stormy altar of Qazlal.
   684 | D        | Found a snail-covered altar of Cheibriados.
   684 | D        | Found a burning altar of Makhleb.
   684 | D        | Found a shimmering altar of Xom.
   685 | D        | Found a hazy altar of Hepliaklqana.
   685 | D        | Found an opulent altar of Gozag.
   685 | D        | Found a sparkling altar of Nemelex Xobeh.
   685 | D        | Found a corrupted altar of Lugonu.
   685 | D        | Found a viscous altar of Jiyva.
   685 | D        | Noticed a spatial vortex
   688 | D        | Became a worshipper of Qazlal Stormbringer
   700 | D        | Killed a spatial vortex
   700 | D        | Reached XP level 7. HP: 59/59 MP: 6/9
   737 | D        | Found a basalt altar of Yredelemnul.
   737 | D        | Found a shadowy altar of Dithmenos.
   737 | D        | Found a sacrificial altar of Ru.
   759 | D        | Reached * piety under Qazlal
   759 | D        | Reached skill level 9 in Long Blades
   759 | D        | Reached skill level 5 in Dodging
   961 | D        | Noticed a human
   962 | D        | Noticed a human
   973 | D        | Killed a human
   986 | D        | Killed a human
   986 | D        | Reached skill level 5 in Invocations
   986 | D        | Reached XP level 8. HP: 14/67 MP: 10/12
  1243 | D        | Found a hide-covered altar of Uskayaw.
  1243 | D        | Found an iron altar of Okawaru.
  1244 | D        | Found a roughly hewn altar of Beogh.
  1244 | D        | Found a bloodstained altar of Trog.
  1244 | D        | Found an ornate altar of the Wu Jian Council.
  1255 | D        | Found a radiant altar of Vehumet.
  1255 | D        | Found a shimmering blue altar of Sif Muna.
  1255 | D        | Found an ancient bone altar of Kikubaaqudgha.
  1260 | D        | Noticed a rust devil
  1268 | D        | Reached ** piety under Qazlal
  1448 | D        | Found a glowing silver altar of Zin.
  1451 | D        | Noticed a deep elf mage
  1459 | D        | Killed a deep elf mage
  1459 | D        | Reached skill level 10 in Long Blades
  1462 | D        | Found a glowing golden altar of the Shining One.
  1462 | D        | Found a white marble altar of Elyvilon.
  1705 | D        | Noticed Erica
  1725 | D        | Killed Erica
  1725 | D        | Reached XP level 9. HP: 64/77 MP: 13/15
  1798 | D        | Slain by an earth elemental

Illustrated notes

Levels and vault maps discovered:
D:        dungeon_sprint_mu [sprint_mu_entry_forest, sprint_mu_temple_rooms,
          sprint_mu_d1_horrors, sprint_mu_d2_genie, sprint_mu_d3_branching,
          sprint_mu_orc_legion, sprint_mu_elf_gauntlet, sprint_mu_hive_nellie,
          sprint_mu_lair_fedhas, sprint_mu_vaults_butterflies,
          sprint_mu_slime_circle, sprint_mu_swamp_cave, sprint_mu_shoals_kraken,
          sprint_mu_blade_basic, sprint_mu_crypt_lich, sprint_mu_tomb_spiral,
          sprint_mu_vestibule_basic, sprint_mu_gehenna_hellfire,
          sprint_mu_dis_giant, sprint_mu_tartarus_statrot,
          sprint_mu_cocytus_islands, sprint_mu_zot1]

Skill      XL: |  1  2  3  4  5  6  7  8 |
---------------+-------------------------+-----
Long Blades    | 4 5 6 8 9 10 | 10.7
Shields        | 6 7 8 9 |  9.0
Fighting       | 5 6 8 9 |  9.7
Armour         | 5 6 8 9 |  9.7
Dodging        | 3 4 5 7 |  7.6
Invocations    | 2 5 8 |  8.1

Action                   |  1- 3 |  4- 6 |  7- 9 || total
-------------------------+-------+-------+-------++-------
Melee: Long sword        |    20 |    26 |    90 ||   136
       Scimitar          |       |       |    11 ||    11
Invok: Upheaval          |       |       |     2 ||     2
  Use: Potion            |       |     1 |       ||     1
Armor: Scale mail        |     5 |     2 |    14 ||    21
Dodge: Dodged            |     6 |     1 |    25 ||    32
Block: Kite shield       |    11 |     7 |    37 ||    55
       Rpst.: Long sword |     2 |       |     4 ||     6
       Scimitar          |       |       |     2 ||     2

Table legend: (Time is in decaauts)
 A = Elapsed time spent in this place.
 B = Non-inter-level travel time spent in this place.
 C = Inter-level travel time spent in this place.
 D = Time resting spent in this place.
 E = Time spent auto-exploring this place.
 F = Levels seen in this place.
 G = Mean time per level.
                   A        B        C        D        E       F      G
               +--------+--------+--------+--------+--------+-----+--------+
         Total |   1802 |   1802 |      0 |   1409 |      0 |   1 | 1802.0 |
       Dungeon |   1802 |   1802 |      0 |   1409 |      0 |   1 | 1802.0 |
               +--------+--------+--------+--------+--------+-----+--------+

Top non-repeatable levels by time:
       D: 1802 daAuts
